 Dungeon Crawl Stone Soup version 0.27.1-33-g824d729ab1 (webtiles) character file.

Game seed: 5517418269863846940

59 austinbyrn the Skirmisher (level 4, -1/29 HPs)
             Began as a Gargoyle Fighter on Dec 22, 2021.
             Slain by an ogre (13 damage)
             ... on level 5 of the Dungeon.
             The game lasted 00:02:49 (2535 turns).

austinbyrn the Skirmisher (Gargoyle Fighter)        Turns: 2535, Time: 00:02:49

Health: -1/29      AC: 12    Str: 21    XL:     4   Next: 3%
Magic:  4/4        EV:  7    Int:  8    God:
Gold:   112        SH:  9    Dex:  9    Spells: 3/3 levels left

rFire    . . .     SeeInvis .   a - +0 flail
rCold    . . .     Faith    .   c - +0 kite shield
rNeg     + . .     Spirit   .   b - +0 scale mail
rPois    ∞         Reflect  .   (no helmet)
rElec    +         Harm     .   (no cloak)
rCorr    .         Rampage  .   (no gloves)
Will     .....                  l - +1 pair of boots
Stlth    ..........             (no amulet)
HPRegen  0.09/turn              m - ring of flight
MPRegen  0.09/turn              (no ring)

@: mighty, flying
A: sickness immunity, AC +3, negative energy resistance 1, electricity
resistance, torment resistance 1, petrification resistance
a: no special abilities


You were on level 5 of the Dungeon.
You visited 1 branch of the dungeon, and saw 4 of its levels.

You collected 112 gold pieces.

Inventory:

Hand Weapons
 a - a +0 flail (weapon)
Armour
 b - a +0 scale mail (worn)
 c - a +0 kite shield (worn)
 l - a +1 pair of boots (worn)
Jewellery
 m - a ring of flight (left hand)
Scrolls
 e - a scroll of fear {unknown}
 h - a scroll of identify {unknown}
 i - 2 scrolls of teleportation {unknown}
 k - 2 scrolls of amnesia {unknown}
 p - a scroll of magic mapping {unknown}
 q - a scroll of enchant weapon {unknown}
Potions
 f - a potion of haste {unknown}
 g - 2 potions of degeneration {unknown}
 j - 2 potions of heal wounds {unknown}
 n - a potion of attraction {unknown}
 o - a potion of berserk rage {unknown}


   Skills:
 + Level 3.9 Fighting
 * Level 3.2 Maces & Flails
 - Level 3.2 Armour
 + Level 3.8 Shields


You had 3 spell levels left.
You didn't know any spells.
Your spell library contained the following spells:

 Spells                   Type           Power      Damage    Failure   Level
 Sandblast                Erth           0%         2d4       99%         1
 Passwall                 Tmut/Erth      0%         N/A       100%        2
 Ignite Poison            Fire/Tmut/Pois 0%         N/A       100%        3
 Mephitic Cloud           Conj/Pois/Air  0%         N/A       100%        3
 Bolt of Magma            Conj/Fire/Erth 0%         4d4       100%        5
 Lee's Rapid Deconstruct  Erth           0%         3d5*      100%        5


Dungeon Overview and Level Annotations

Branches:
Dungeon (3/15)

Altars:


Innate Abilities, Weirdness & Mutations

You are immune to sickness and miasma.
Your stone body is resilient. (AC +3)
You are immune to poison.
You resist negative energy. (rN+)
You are resistant to electric shocks. (rElec)
You are resistant to unholy torment.
You are immune to petrification.


Message History

o - a fizzy green potion You now have 112 gold pieces (gained 10).
A dart slug comes into view.
The dart slug launches a dart at you. You block the slug dart.
Found a robe.
You block the dart slug's attack.
You sock the dart slug!
You kill the dart slug!
You have reached level 4!
You feel stronger.
Found a scroll labelled HOTIJE FYFIUCH and a scroll labelled FIMAGRO VIERASS.
Found 21 arrows.
p - a scroll labelled HOTIJE FYFIUCH
q - a scroll labelled FIMAGRO VIERASS An adder comes into view.
The adder hisses angrily.
You are sucked into a shaft and drop 2 floors!
The shaft crumbles and collapses.
An adder and an ogre come into view.
The adder hisses angrily.
Found 20 arrows.
Found a stone staircase leading up.
You feel very mighty all of a sudden. The ogre hits you but does no damage.
You closely miss the ogre.
The adder bites you but does no damage. x2
You block the ogre's attack.
You hit the ogre.
The ogre is lightly wounded.
You block the adder's attack. You block the ogre's attack. The adder bites you.
You sock the ogre!
The ogre is heavily wounded.
You block the adder's attack.
The ogre hits you with a +0 giant spiked club!
Ouch! That really hurt!
The adder bites you but does no damage.
You barely miss the ogre.
The ogre is heavily wounded.
The adder bites you.
The ogre hits you with a +0 giant spiked club!
You die...

......#
......
...<.
#...#
#...#
#...#
#(..#
#@S.#
#.O.#
#......
#........
.........
..#.#####
..#..
≈#####.


You could see an ogre and an adder.

Vanquished Creatures
  2 adders (D:2)
  3 dart slugs
  2 ball pythons
  4 bats
  3 endoplasms
  4 giant cockroaches
  4 goblins
  2 hobgoblins (D:2)
  A quokka (D:1)
  4 kobolds (D:1)
  2 rats (D:1)
31 creatures vanquished.

Notes
Turn   | Place    | Note
-------+----------+-------------------------------------------
     0 | D:1      | austinbyrn the Gargoyle Fighter began the quest for the
                  | Orb.
     0 | D:1      | Reached XP level 1. HP: 14/14 MP: 1/1
    78 | D:1      | Reached XP level 2. HP: 13/19 MP: 2/2
   875 | D:1      | Reached XP level 3. HP: 23/23 MP: 3/3
  2513 | D:3      | Reached XP level 4. HP: 29/29 MP: 4/4
  2530 | D:3      | You are sucked into a shaft and drop 2 floors!
  2530 | D:5      | Entered Level 5 of the Dungeon
  2530 | D:5      | Noticed an ogre
  2535 | D:5      | Slain by an ogre

Illustrated notes

Levels and vault maps discovered:
D:1:      sevenhm_arrival_forest_fort_small_3, layout_rooms,
          minmay_misc_feat_encased, amcnicky_mini_rare_corridor_liquid
D:2:      layout_basic
D:3:      layout_rooms, serial_shops, nicolae_shop_crystal,
          dreamdust_ecumenical_altar_angels_and_demons, nrook_mini_vaults,
          minmay_vboxes
D:5:      layout_loops_cross, elyvilon_altar_4, nicolae_vehumet_radiance,
          minitemple, uniq_edmund

Skill      XL: |  1  2  3 |
---------------+----------+-----
Maces & Flails | 3 |  3.2
Fighting       | |  3.9
Armour         | |  3.2
Shields        | |  3.8

Action                   |  1- 3 |  4- 6 || total
-------------------------+-------+-------++-------
Melee: Flail             |   118 |     4 ||   122
  Use: Potion            |       |     1 ||     1
Armor: Scale mail        |    78 |     4 ||    82
Dodge: Dodged            |    56 |       ||    56
Block: Kite shield       |    74 |     4 ||    78
